 Dungeon Crawl Stone Soup version 0.28-a0-461-g2dc4ca5097 (webtiles) character file.

Game seed: 10946761015130126289

4067 robertstho the Thaumaturge (level 10, -7/69 HPs)
             Began as a Djinni Fire Elementalist on Sept 13, 2021.
             Was an Initiate of Gozag.
             Mangled by a deep troll (12 damage)
             ... on level 7 of the Dungeon.
             The game lasted 00:10:11 (9904 turns).

robertstho the Thaumaturge (DjFE)                   Turns: 9904, Time: 00:10:12

Health: -7/69      AC:  4    Str:  7    XL:     10   Next: 49%
Gold:   539        EV: 13    Int: 25    God:    Gozag SH:  0 Dex: 15

rFire   + + .      SeeInvis .   g - +0 long sword
rCold   x . .      Faith    .   (no shield)
rNeg    . . .      Spirit   .   a - +0 robe
rPois   ∞          Reflect  .   b - +1 helmet
rElec   .          Harm     .   (no cloak)
rCorr   .          Rampage  .   (no gloves)
Will    +....                   (boots unavailable)
Stlth   ++........              (no amulet)
HPRegen 0.21/turn               c - +6 ring of intelligence
MPRegen 0.00/turn               (no ring)

@: flying
A: sickness immunity, fire resistance 2, cold vulnerability 1, float, innate
caster, hp casting, extra vitality 1
a: Renounce Religion, Potion Petition, Call Merchant, Bribe Branch


You were on level 7 of the Dungeon.
You worshipped Gozag.
Gozag was pleased with you.
You visited 2 branches of the dungeon, and saw 8 of its levels.

You collected 602 gold pieces.
You paid 63 gold pieces to Gozag.

Inventory:

Hand Weapons
 g - a +0 long sword (weapon)
 h - a +4 dagger
Missiles
 l - a throwing net
Armour
 a - a +0 robe (worn)
 b - a +1 helmet (worn)
Jewellery
 c - a +6 ring of intelligence (left hand)
Wands
 u - a wand of mindburst (9)
Scrolls
 d - a scroll of blinking {unknown}
 k - a scroll of magic mapping {unknown}
 m - a scroll of vulnerability {unknown}
 n - a scroll of torment
 o - 3 scrolls of teleportation
 r - 2 scrolls of noise {unknown}
 t - a scroll of enchant weapon {unknown}
 v - a scroll of immolation {unknown}
Potions
 e - a potion of might {unknown}
 f - a potion of mutation {unknown}
 i - a potion of resistance {unknown}
 j - a potion of magic
 p - a potion of berserk rage
 q - a potion of flight {unknown}
 s - a potion of curing {unknown}


   Skills:
 * Level 4.8 Fighting
 + Level 1.1 Long Blades
 + Level 3.6 Dodging
 + Level 3.4 Stealth
 * Level 10.2 Spellcasting


You had 8 spell levels left.
You knew the following spells:

 Your Spells              Type           Power      Damage    Failure   Level
a - Foxfire               Conj/Fire      100%       2x1d9     1%          1
b - Scorch                Fire           100%       2d10      1%          2
c - Conjure Flame         Conj/Fire      59%        6-21      1%          3
d - Inner Flame           Hex/Fire       59%        N/A       1%          3
e - Flame Wave            Conj/Fire      59%        3d11      1%          4
f - Summon Small Mammal   Summ           100%       N/A       1%          1
g - Call Imp              Summ           59%        N/A       1%          2
h - Poisonous Vapours     Pois/Air       100%       N/A       1%          2
i - Gell's Gravitas       Tloc           29%        N/A       1%          3
Your spell library was empty.

Dungeon Overview and Level Annotations

Branches:
Dungeon (7/15)             Temple (1/1) D:4

Altars:
Ashenzari
Cheibriados
Dithmenos
Gozag
Kikubaaqudgha
Makhleb
Nemelex Xobeh
Okawaru
Qazlal
Sif Muna
Trog
Uskayaw
Vehumet
Xom
Yredelemnul
The Shining One

Shops:
D:1 =


Innate Abilities, Weirdness & Mutations

You are immune to sickness and miasma.
You are immune to poison.
Your flesh is very heat resistant. (rF++)
You are vulnerable to cold. (rC-)
You float through the air rather than walking.
You learn spells naturally, not from books.
Your magical power is your life essence.
You have superior vitality. (+4 HP)


Message History

You conjure some foxfire!
The deep troll shouts!
You hear a shout!
Unknown command.
Casting: Foxfire (safe; 1% risk of failure)
Press: ? - help, Q - select action, (/) - cycle Dir - look around, f - activate You conjure some foxfire!
The foxfire hits the deep troll.
The deep troll is lightly wounded.
The foxfire hits the deep troll but does no damage.
The deep troll is lightly wounded.
Casting: Foxfire (safe; 1% risk of failure)
Confirm with . or Enter, or press ? or * to list all spells.
Flames lash the deep troll.
The deep troll is moderately wounded.
The deep troll's fire resistance burns away.
The foxfire hits the deep troll but does no damage.
The deep troll is moderately wounded.
The foxfire hits the deep troll!
The deep troll is burned terribly!
The deep troll is heavily wounded.
Casting: Scorch (safe; 1% risk of failure)
Confirm with . or Enter, or press ? or * to list all spells.
Casting: Flame Wave (dangerous; 1% risk of failure)
Press: ? - help, Dir - look around, f - activate A wave of flame ripples out!
The flame wave engulfs the deep troll!
The deep troll is burned terribly!
The deep troll is severely wounded. (Press . to intensify the flame waves.)
The deep troll bites you. The deep troll claws you!
* * * LOW HITPOINT WARNING * * *
The deep troll claws you!
* * * LOW HITPOINT WARNING * * *
A wave of flame ripples out!
The flame wave engulfs the deep troll!!
The deep troll is burned terribly!
The deep troll is almost dead.
* * * LOW HITPOINT WARNING * * *
You hear a shout! x3
The deep troll barely misses you. The deep troll claws you!
You die...
Your body crumbles into a pile of gold.

#..........#...##..#
####.......######..#
# ##..##..# ..##..+
+ ##..##..##....
#..#.>...........
#..#.............
#..##..##..##..##
+.+##..##..#########
#..+...#........@..#
#..#...#.........T.#
#..#...###+##......#
'..##..# #......'..
#..##'##
........#...
#......#
....(##..##..#
#......# ......# ..#
### #..##..# ..##+##
... ########


You could see a deep troll (combustible).

Vanquished Creatures
  A two-headed ogre (D:6)
  A gargoyle (D:7)
  A hornet (D:6)
  Eustachio (D:5)
  An acid dragon (D:5)
  2 ice beasts
  A sky beast (D:6)
  A necrophage (D:5)
  6 ogres
  2 centaurs
  A phantom (D:5)
  A bullfrog (D:6)
  3 scorpions
  5 jellies
  4 killer bees (D:6)
  A howler monkey (D:5)
  3 orc priests
  5 hounds
  2 centaur skeletons (D:4)
  A gnoll shaman (D:5)
  An iguana (D:7)
  10 orc wizards
  A killer bee zombie (D:6)
  2 hound skeletons
  A howler monkey zombie (D:6)
  5 gnolls
  8 adders
  3 white imps
  An ufetubus (D:7)
  An adder zombie (D:5)
  A worm (D:2)
  17 orcs
  12 ball pythons
  7 endoplasms
  3 giant cockroaches
  6 hobgoblins
  8 jackals
  4 quokkas
  3 bats
  3 frilled lizards
  7 goblins
  3 kobolds
  2 rats
152 creatures vanquished.

Vanquished Creatures (collateral kills)
  A foxfire (D:1)
1 creature vanquished.

Vanquished Creatures (others)
  508 foxfires
508 creatures vanquished.

Grand Total: 661 creatures vanquished

Notes
Turn   | Place    | Note
-------+----------+-------------------------------------------
     0 | D:1      | robertstho the Djinni Fire Elementalist began the quest for
                  | the Orb.
     0 | D:1      | Reached XP level 1. HP: 15/15 MP: 0/0
   308 | D:1      | Found Coocw's Jewellery Emporium.
   480 | D:1      | Reached XP level 2. HP: 19/22 MP: 0/0
   795 | D:1      | Found a faded altar of an unknown god.
  1355 | D:1      | Reached XP level 3. HP: 25/26 MP: 0/0
  1355 | D:1      | Learned a level 1 spell: Summon Small Mammal
  1379 | D:2      | Reached skill level 3 in Spellcasting
  2710 | D:2      | Reached XP level 4. HP: 26/31 MP: 0/0
  2982 | D:3      | Found a shimmering altar of Xom.
  3134 | D:3      | Reached skill level 1 in Fighting
  3318 | D:3      | Reached XP level 5. HP: 32/37 MP: 0/0
  3318 | D:3      | Learned a level 2 spell: Call Imp
  3583 | D:3      | Found a glowing golden altar of the Shining One.
  3873 | D:3      | Found a hide-covered altar of Uskayaw.
  3964 | D:4      | Reached skill level 4 in Spellcasting
  4183 | D:4      | Reached XP level 6. HP: 36/43 MP: 0/0
  4230 | D:4      | Found a staircase to the Ecumenical Temple.
  4231 | D:4      | Noticed an ogre
  4235 | D:4      | Killed an ogre
  4312 | D:4      | Reached skill level 5 in Spellcasting
  4371 | D:4      | Reached XP level 7. HP: 47/49 MP: 0/0
  4371 | D:4      | Learned a level 2 spell: Poisonous Vapours
  4820 | D:5      | Entered Level 5 of the Dungeon
  5029 | D:5      | Reached XP level 8. HP: 14/55 MP: 0/0
  5042 | D:5      | Reached skill level 6 in Spellcasting
  5660 | D:5      | Reached skill level 7 in Spellcasting
  5883 | D:5      | Found a sparkling altar of Nemelex Xobeh.
  5917 | D:5      | Reached XP level 9. HP: 55/61 MP: 0/0
  5917 | D:5      | Learned a level 3 spell: Gell's Gravitas
  6241 | D:5      | Found a stormy altar of Qazlal.
  6450 | D:4      | Found a bloodstained altar of Trog.
  6729 | D:5      | Noticed Eustachio
  6742 | D:5      | Killed Eustachio
  6743 | D:5      | Reached skill level 1 in Long Blades
  6907 | D:5      | Reached skill level 8 in Spellcasting
  7181 | Temple   | Entered the Ecumenical Temple
  7280 | Temple   | Became a worshipper of Gozag Ym Sagoz the Greedy
  7394 | D:6      | Noticed a hornet
  7401 | D:6      | Killed a hornet
  8195 | D:6      | Reached skill level 9 in Spellcasting
  8203 | D:6      | Reached XP level 10. HP: 51/68 MP: 0/0
  8205 | D:6      | Noticed a two-headed ogre
  8209 | D:6      | Killed a two-headed ogre
  9744 | D:7      | Reached skill level 10 in Spellcasting
  9805 | D:7      | Found a basalt altar of Yredelemnul.
  9867 | D:7      | Noticed a gargoyle
  9875 | D:7      | Killed a gargoyle
  9899 | D:7      | Noticed a deep troll
  9904 | D:7      | Mangled by a deep troll

Illustrated notes

Levels and vault maps discovered:
D:1:      ncdulo_watergridlock, layout_basic, serial_shops,
          nicolae_shop_temple_entry_statues_fountains,
          shapermc_ecumenical_altar_acropolis, chequers_serial_rivers_large_b
D:2:      layout_basic, guppyfry_early_orc_mine
D:3:      layout_basic, mainiacjoe_overflow_paths, marbit_many_paths,
          mainiacjoe_overflow_small_starburst, serial_bayou_pond_e
D:4:      layout_cave_pools, lemuel_round_altar, kennysheep_mini,
          minmay_temple_entry_from_below_a, grunt_tough_drop
D:5:      layout_gridville, overflow_temple_1_default,
          mainiacjoe_overflow_alcove_1, uniq_eustachio
D:6:      layout_layer_cave, minmay_bent
D:7:      layout_gridville, old_standard_altar, mainiacjoe_overflow_24_doors,
          mainiacjoe_overflow_boulevard,
          hellmonk_guarded_unrand_vitality_bloodlust
Temple:   minmay_temple_curvy_loop

Skill      XL: |  1  2  3  4  5  6  7  8  9 10 |
---------------+-------------------------------+-----
Spellcasting   | 3 4 5 7 9 10 | 10.2
Stealth        | 2 3 |  3.4
Fighting       | 1 2 3 4 |  4.8
Dodging        | 3 |  3.6
Long Blades    | 1 |  1.1

Action                   |  1- 3 |  4- 6 |  7- 9 | 10-12 || total
-------------------------+-------+-------+-------+-------++-------
Melee: Dagger            |     1 |       |       |       ||     1
       Long sword        |       |       |     6 |     8 ||    14
 Cast: Foxfire           |    71 |    18 |   175 |    32 ||   296
       Scorch            |    22 |    38 |    27 |     1 ||    88
       Flame Wave        |       |       |    14 |    10 ||    24
  Use: Potion            |       |       |     2 |       ||     2
       Scroll            |       |       |     2 |       ||     2
Armor: Robe              |     3 |     9 |     6 |     3 ||    21
Dodge: Dodged            |     9 |    14 |    15 |    18 ||    56

Table legend: (Time is in decaauts)
 A = Elapsed time spent in this place.
 B = Non-inter-level travel time spent in this place.
 C = Inter-level travel time spent in this place.
 D = Time resting spent in this place.
 E = Time spent auto-exploring this place.
 F = Levels seen in this place.
 G = Mean time per level.
                   A        B        C        D        E       F      G
               +--------+--------+--------+--------+--------+-----+--------+
         Total |   9921 |   9410 |    511 |    847 |   7618 |   8 | 1240.1 |
       Dungeon |   9765 |   9311 |    454 |    847 |   7530 |   7 | 1395.0 |
        Temple |    156 |     99 |     57 |      0 |     88 |   1 |  156.0 |
               +--------+--------+--------+--------+--------+-----+--------+

Top non-repeatable levels by time:
     D:5: 2211 daAuts
     D:6: 1979 daAuts
     D:1: 1571 daAuts
     D:2: 1328 daAuts
     D:4: 1180 daAuts
     D:3: 1054 daAuts
     D:7: 439 daAuts
  Temple: 156 daAuts
